 Dungeon Crawl Stone Soup version 0.28.0-1-gb440e238dd (webtiles) character file.

Game seed: 12186497487937747453

678 iguanaiguana the Chopper (level 7, -6/64 HPs)
             Began as a Deep Dwarf Fighter on Feb 19, 2022.
             Mangled by an ogre (23 damage)
             ... on level 4 of the Dungeon.
             The game lasted 00:02:36 (3300 turns).

iguanaiguana the Chopper (Deep Dwarf Fighter)       Turns: 3300, Time: 00:02:37

Health: -6/64      AC: 12    Str: 21    XL:     7   Next: 34%
Magic:  6/6        EV:  6    Int:  9    God:
Gold:   184        SH:  5    Dex: 12    Spells: 6/6 levels left

rFire   . . .      SeeInvis .   a - +0 war axe
rCold   . . .      Faith    .   c - +0 buckler
rNeg    . . .      Spirit   .   k - +0 plate armour
rPois   .          Reflect  .   (no helmet)
rElec   .          Harm     .   (no cloak)
rCorr   .          Rampage  .   (no gloves)
Will    +....                   (no boots)
Stlth   ..........              (no amulet)
HPRegen 0.00/turn               (no ring)
MPRegen 0.10/turn               (no ring)

@: no status effects
A: damage resistance, heal wounds, sense surroundings 1, no regeneration
a: Heal Wounds


You were on level 4 of the Dungeon.
You visited 1 branch of the dungeon, and saw 4 of its levels.

You collected 184 gold pieces.

Inventory:

Hand Weapons
 a - a +0 war axe (weapon)
Armour
 b - a +0 scale mail
 c - a +0 buckler (worn)
 g - a +0 chain mail
 k - a +0 plate armour (worn)
Wands
 o - a wand of polymorph (4)
Scrolls
 h - 3 scrolls of teleportation {unknown}
 i - a scroll of fear {unknown}
 l - a scroll of identify {unknown}
 m - a scroll of magic mapping {unknown}
 n - a scroll of fog {unknown}
 p - a scroll of amnesia {unknown}
Potions
 d - a potion of might {@q3}
 e - a potion of haste {unknown}
 f - 2 potions of curing {unknown}
 j - 2 potions of mutation {unknown}


   Skills:
 + Level 4.2 Fighting
 * Level 5.9 Axes
 + Level 5.2 Armour
 - Level 0.1 Stealth
 + Level 5.1 Shields


You had 6 spell levels left.
You didn't know any spells.
Your spell library was empty.

Dungeon Overview and Level Annotations

Branches:
Dungeon (4/15)
 Temple: D:4-7

Altars:
Zin


Innate Abilities, Weirdness & Mutations

You are resistant to damage.
You can heal yourself by infusing magical energy.
You passively map a small area around you.
You do not regenerate.


Message History

You closely miss the iguana.
The iguana is almost dead.
You block the iguana's attack.
You hit the iguana but do no damage.
The iguana is almost dead.
The iguana bites you but does no damage. x2
You slash the iguana!
You kill the iguana!
Found a stone staircase leading down.
You see here an iguana corpse.
No target in view!
No target in view!
No target in view!
You see here an iguana corpse.
You see here a +0 chain mail.
Found 27 stones.
No target in view!
No target in view!
No target in view!
An orc and a centaur skeleton come into view.
The orc is wielding a +0 vampiric whip.
The orc shouts!
There are monsters nearby!
You block the orc's attack.
You closely miss the orc. The orc hits you but does no damage.
You slash the orc!
You kill the orc!
The centaur skeleton hits you but does no damage.
The centaur skeleton kicks you but does no damage.
A centaur skeleton is nearby!
You slash the centaur skeleton!
The centaur skeleton is moderately damaged.
The centaur skeleton barely misses you.
The centaur skeleton kicks you but does no damage.
You slash the centaur skeleton!
The centaur skeleton is heavily damaged.
The centaur skeleton hits you.
The centaur skeleton kicks you but does no damage.
The centaur skeleton hits you but does no damage.
The centaur skeleton kicks you but does no damage.
You hit the centaur skeleton but do no damage.
The centaur skeleton is heavily damaged.
The centaur skeleton barely misses you.
The centaur skeleton kicks you but does no damage.
A centaur skeleton is nearby!
You hit the centaur skeleton.
The centaur skeleton is severely damaged.
The centaur skeleton hits you but does no damage.
The centaur skeleton kicks you but does no damage.
You block the centaur skeleton's attack.
The centaur skeleton kicks you but does no damage.
You hit the centaur skeleton.
The centaur skeleton is almost destroyed.
The centaur skeleton barely misses you.
You block the centaur skeleton's attack.
The centaur skeleton hits you.
The centaur skeleton closely misses you.
You slash the centaur skeleton!
You destroy the centaur skeleton!
You see here a +0 vampiric whip.
A goblin comes into view. It is wielding a +0 dagger.
Found a scroll labelled TUZAOTSUFO and 16 gold pieces.
The goblin shouts!
You hear a shout!
A kobold comes into view. It is wielding a +0 whip.
You hear a shout!
An ogre comes into view. It is wielding a +0 giant club.
You slash the goblin!
You kill the goblin!
There are monsters nearby!
You closely miss the ogre. The ogre barely misses you.
You closely miss the ogre. You block the ogre's attack.
You barely miss the ogre. The ogre barely misses you.
There are monsters nearby!
You slash the ogre!
The ogre is heavily wounded.
The ogre closely misses you.
You barely miss the ogre.
The ogre is heavily wounded.
The ogre hits you with a +0 giant club!
You hit the ogre.
The ogre is heavily wounded.
The ogre hits you with a +0 giant club!!
There are monsters nearby!
You are too injured to fight recklessly!
You are too injured to fight recklessly!
You are too injured to fight recklessly!
There are monsters nearby!
There are monsters nearby!
You are too injured to fight recklessly!
You are too injured to fight recklessly!
You are too injured to fight recklessly!
You are too injured to fight recklessly!
You are too injured to fight recklessly!
You are too injured to fight recklessly!
There are monsters nearby!
You fail to use your ability.
The ogre hits you with a +0 giant club!
* * * LOW HITPOINT WARNING * * *
You fail to use your ability.
The ogre hits you with a +0 giant club!!
You die...

.#### ###
#####.....§≈§###
## #.###.§≈≈#..
* * #.# #..≈§##.
♣♣♣ ♣*, * #.#
#..≈≈##. ♣>♣♣
♣.,, ** #.#
#..≈##.# ♣..♣
♣.$,, * ###
#...#.## ♣♣.♣♣
♣?.. #.§§§##≈
♣♣.♣ ♣...♣♣♣
#.#..#§≈ ♣.♣
♣KO@♣♣
###.##..≈≈ ♣.♣♣
♣.♣♣.♣♣
#...###... ♣♣.♣
♣ ♣♣.♣ #.###
###. ♣†♣ ♣.♣♣
### ## ♣.♣♣♣
♣♣.♣ ### ♣♣..♣
♣.♣♣ #..
♣♣.♣♣♣♣♣♣♣ ♣♣.♣
#(# ♣.[♣♣...♣♣
♣.♣♣ #.#
♣♣..♣.♣♣.♣♣ ♣♣.♣
#.#


You could see an ogre and a kobold.

Vanquished Creatures
  Duvessa (D:4)
  An ogre (D:3)
  A scorpion (D:4)
  Dowan (D:4)
  A water moccasin skeleton (D:4)
  A centaur skeleton (D:4)
  Jessica (D:2)
  An iguana (D:4)
  A scorpion zombie (D:3)
  A hound skeleton (D:4)
  Robin (D:4)
  4 gnolls (D:3)
  5 adders
  2 adder skeletons (D:3)
  3 worms (D:2)
  3 dart slugs (D:2)
  8 orcs
  5 endoplasms
  3 giant cockroaches
  14 goblins
  8 hobgoblins
  4 kobolds
  9 quokkas
  6 ball pythons
  A ball python zombie (D:3)
  5 bats
  3 frilled lizards
  A jackal skeleton (D:3)
  A quokka zombie (D:3)
  6 rats
102 creatures vanquished.

Vanquished Creatures (others)
  A withered plant (D:3)
1 creature vanquished.

Grand Total: 103 creatures vanquished

Notes
Turn   | Place    | Note
-------+----------+-------------------------------------------
     0 | D:1      | iguanaiguana the Deep Dwarf Fighter began the quest for the
                  | Orb.
     0 | D:1      | Reached XP level 1. HP: 20/20 MP: 1/1
   228 | D:1      | Reached XP level 2. HP: 14/27 MP: 2/2
   952 | D:2      | Reached XP level 3. HP: 33/34 MP: 3/3
  1130 | D:2      | Noticed Jessica
  1138 | D:2      | Killed Jessica
  1139 | D:2      | Reached XP level 4. HP: 17/42 MP: 4/4
  2049 | D:3      | Noticed an ogre
  2057 | D:3      | Killed an ogre
  2058 | D:3      | Reached XP level 5. HP: 22/49 MP: 5/5
  2439 | D:3      | Reached XP level 6. HP: 45/57 MP: 5/5
  2513 | D:3      | Found a glowing silver altar of Zin.
  2689 | D:4      | Noticed Robin
  2693 | D:4      | Killed Robin
  2765 | D:4      | Reached skill level 5 in Axes
  3002 | D:4      | Noticed Duvessa
  3002 | D:4      | Noticed Dowan
  3010 | D:4      | Killed Dowan
  3015 | D:4      | Killed Duvessa
  3016 | D:4      | Reached skill level 5 in Armour
  3016 | D:4      | Reached skill level 5 in Shields
  3016 | D:4      | Reached XP level 7. HP: 41/64 MP: 6/6
  3300 | D:4      | Mangled by an ogre

Illustrated notes

Levels and vault maps discovered:
D:1:      minmay_arrival_hallway, layout_loops_corners
D:2:      layout_basic, kennysheep_generic_room_2, uniq_jessica
D:3:      layout_loops_corners, zin_scriptorium, serial_undead, serial_undead_e,
          serial_undead_d, serial_undead_b, serial_undead_c, serial_undead_a,
          serial_undead_f
D:4:      kb_forest_paths, layout_loops_ring, grunt_decor_junction,
          serial_park_tiny_2, minmay_crossroads, uniq_robin, uniq_duvessa

Skill      XL: |  1  2  3  4  5  6 |
---------------+-------------------+-----
Fighting       | 3 4 |  4.2
Axes           | 3 4 5 |  5.9
Armour         | 4 5 |  5.2
Shields        | 4 5 |  5.1
Stealth        | |  0.1

Action                   |  1- 3 |  4- 6 |  7- 9 || total
-------------------------+-------+-------+-------++-------
Melee: War axe           |    96 |   174 |    38 ||   308
 Abil: Heal Wounds       |     2 |     6 |     1 ||     9
Armor: Scale mail        |    49 |     9 |       ||    58
       Chain mail        |       |    16 |       ||    16
       Plate armour      |       |    89 |    24 ||   113
Dodge: Dodged            |    52 |    56 |    11 ||   119
Block: Buckler           |    16 |    47 |     9 ||    72
